 Dungeon Crawl Stone Soup version 0.23.2-33-g5129a83184 (webtiles) character file.

Game seed: 1853143390496912195

43990 Amplified the Brawler (level 13, -1/135 HPs)
             Began as a Troll Monk on Aug 9, 2019.
             Was a High Priest of Ashenzari.
             Slain by an ice devil (15 damage)
             ... in an ice cave.
             The game lasted 00:22:14 (13858 turns).

Amplified the Brawler (Troll Monk)                 Turns: 13858, Time: 00:22:15

Health: -1/135     AC: 18    Str: 25    XL:     13   Next: 93%
Magic:  15/15      EV: 13    Int: 10    God:    Ashenzari [*****.]
Gold:   1231       SH: 13    Dex: 13    Spells: 12/12 levels left

rFire    + . .     SeeInvis +     - Unarmed
rCold    . . .     Gourm    +   m - +2 shield (curse)
rNeg     . . .     Faith    .   y - +2 robe {rF+} (curse)
rPois    .         Spirit   .   a - +2 hat {MR+} (curse)
rElec    .         Reflect  .   l - +1 cloak {+Inv} (curse)
rCorr    .         Harm     .   (gloves unavailable)
MR       ++...     Clarity  +   (boots unavailable)
Stlth    ++........             (no amulet)
HPRegen  0.72/turn              f - +6 ring of protection (curse)
MPRegen  0.14/turn              t - ring of protection from magic

@: lightly drained
A: large, unfitting armour, claws 3, hooves 1, clever 2, fast metabolism 3,
gourmand, mutation resistance 1, regeneration 1, shaggy fur 1, tough skin 3
a: Curse Item, Scrying, Transfer Knowledge, Renounce Religion, Evoke
Invisibility


You were in an ice cave.
You worshipped Ashenzari.
Ashenzari was extremely pleased with you.
You were not hungry.

You visited 2 branches of the dungeon, and saw 17 of its levels.
You also visited: Ice Cave.

You collected 1621 gold pieces.
You spent 390 gold pieces at shops.

Inventory:

Hand Weapons
 z - a +0 quick blade of freezing
 A - a +1 demon trident of freezing
 J - a +0 blowgun
Missiles
 I - 49 poisoned needles
Armour
 a - a cursed +2 hat of magic resistance (worn)
 l - a cursed +1 cloak of invisibility (worn)
 m - a cursed +2 shield (worn)
 y - a cursed +2 robe of fire resistance (worn)
 K - a +3 troll leather armour {Snorg}
Jewellery
 f - a cursed +6 ring of protection (left claw)
 j - an uncursed ring of stealth
 t - a ring of protection from magic (right claw)
 u - an uncursed ring of positive energy
 G - an uncursed ring of stealth
 H - an uncursed ring of poison resistance
 L - an uncursed ring of protection from fire
Wands
 c - a wand of enslavement (10)
 d - a wand of digging (3)
 e - a wand of random effects (40)
 o - a wand of flame (31)
 p - a wand of acid (8)
 x - a wand of paralysis (8)
 B - a wand of disintegration (25)
Scrolls
 h - 5 scrolls of remove curse
 r - 2 scrolls of enchant weapon
 F - 8 scrolls of identify
Potions
 g - 4 potions of lignification
 i - 2 potions of mutation
 q - a potion of brilliance
 s - 3 potions of curing
Miscellaneous
 v - a phantom mirror
Comestibles
 b - 31 rations


   Skills:
 + Level 10.7(10.0) Fighting
 + Level 4.4(3.8) Armour
 - Level 3.6(6.6) Dodging
 - Level 1.0(2.7) Stealth
 - Level 6.7(8.8) Shields
 * Level 16.6(15.8) Unarmed Combat
 - Level 5.0(4.4) Evocations


You had 12 spell levels left.
You didn't know any spells.
Your spell library contained the following spells:

 Spells                   Type           Power        Failure   Level  Hunger
 Corona                   Hex            #......      36%         1    ##.....
 Magic Dart               Conj           #...         36%         1    ##.....
 Shock                    Conj/Air       #...         36%         1    ##.....
 Sting                    Conj/Pois      #...         36%         1    ##.....
 Corpse Rot               Necr           N/A          50%         2    ###....
 Ensorcelled Hibernation  Hex/Ice        #.....       50%         2    ###....
 Searing Ray              Conj           #.....       50%         2    ###....
 Sublimation of Blood     Necr           #.........   50%         2    ###....
 Swiftness                Chrm/Air       #.......     50%         2    ###....
 Throw Frost              Conj/Ice       #.....       50%         2    ###....
 Confuse                  Hex            #.......     75%         3    ####...
 Dazzling Spray           Conj/Hex       #.....       75%         3    ####...
 Mephitic Cloud           Conj/Pois/Air  #.......     75%         3    ####...
 Static Discharge         Conj/Air       #.......     75%         3    ####...
 Stone Arrow              Conj/Erth      #.....       75%         3    ####...
 Tukima's Dance           Hex            #.......     75%         3    ####...
 Airstrike                Air            #.........   98%         4    #####..
 Force Lance              Conj/Tloc      #.......     98%         4    #####..
 Fulminant Prism          Conj/Hex       #.........   98%         4    #####..
 Iskenderun's Mystic Bla  Conj           #.......     98%         4    #####..
 Throw Icicle             Conj/Ice       #.......     98%         4    #####..
 Agony                    Necr           #.......     100%        5    ######.
 Bolt of Draining         Conj/Necr      #.........   100%        5    ######.
 Bolt of Magma            Conj/Fire/Erth #.........   100%        5    ######.
 Dispel Undead            Necr           #.......     100%        5    ######.
 Excruciating Wounds      Chrm/Necr      #.........   100%        5    ######.
 Iskenderun's Battlesphe  Conj/Chrm      #.......     100%        5    ######.
 Lightning Bolt           Conj/Air       #.........   100%        5    ######.
 Venom Bolt               Conj/Pois      #.........   100%        5    ######.
 Iron Shot                Conj/Erth      #.........   100%        6    #######
 Orb of Destruction       Conj           #.........   100%        7    #######
 Spellforged Servitor     Conj/Summ      #.........   100%        7    #######


Dungeon Overview and Level Annotations

Branches:
Dungeon (15/15)            Temple (0/1) D:5            Lair (0/6) D:9
    Orc (2/2) D:10            Elf (0/3) Orc:2        Vaults (0/5) D:13
 Depths: D:15

Altars:
Ashenzari
Cheibriados
Dithmenos
Elyvilon
Fedhas
Kikubaaqudgha
Sif Muna
Trog
The Shining One

Shops:
D:5 %   D:8 *   D:14 %


Innate Abilities, Weirdness & Mutations

You are too large for most types of armour.
You have claws for hands.
Your metabolism is lightning-fast.
You like to eat raw meat.
Your natural rate of healing is unusually fast.
You are covered in fur. (AC +1)
You have extremely tough skin. (AC +3)
You have large cloven feet.
Your mind is very acute. (Int +4)
You are somewhat resistant to further mutation.


Message History

You claw the ice devil! Your kick misses the ice devil.
The ice devil is moderately wounded.
You closely miss the ice devil.
You kick the ice devil, but do no damage.
The ice devil is moderately wounded.
The ice devil hits you!
* * * LOW HITPOINT WARNING * * *
The ice devil freezes you!
* * * LOW HITPOINT WARNING * * *
You scratch the ice devil but do no damage.
The ice devil is moderately wounded.
The ice devil hits you but does no damage.
You closely miss the ice devil. You kick the ice devil.
The ice devil is moderately wounded.
You block the ice devil's attack.
Okay, then.
You feel better. The ice devil hits you.
* * * LOW HITPOINT WARNING * * *
The ice devil freezes you!
You die...

** ☼§°§.....## , .#
#§4§≈☼.§.. , *#
##§§§°...# *≈§
###°§≈###### ≈ ☼#
##.4§### ≈≈≈≈ ####
##...###########...
##...##...##........
#§4###............#.
#§§@##.....##..#####
##..####....##...#
###...###.###...#
##....###○○..##
###...☼≈...##
###..☼°### ######


You could see an ice devil.

Vanquished Creatures
  Gastronok (D:12)
  Azrael (D:12)
  Snorg (D:11)
  Erolcha (D:11)
  Harold (D:8)
  A hydra (D:15)
  3 centaur warriors
  2 two-headed ogres
  A tengu warrior (D:14)
  7 skeletal warriors
  2 unseen horrors
  Pikel (D:9)
  A necromancer (D:13)
  A lindwurm (D:13)
  2 orc knights
  3 manticores
  9 ugly things
  3 cyclopes
  A deep elf mage (D:14)
  A guardian serpent (D:14)
  A centaur zombie (D:12)
  Maurice (D:8)
  2 ice statues (IceCv)
  3 gargoyles
  An efreet (D:14)
  A rime drake (Orc:2)
  2 freezing wraiths
  7 ice devils (IceCv)
  2 queen bees
  A tengu conjurer (D:14)
  3 trolls (D:12)
  A wind drake (shapeshifter) (D:14)
  Grinder (D:3)
  A hornet (D:9)
  Prince Ribbit (D:9)
  A wolf spider simulacrum (D:14)
  A hippogriff (D:9)
  Sigmund (D:5)
  A vampire (D:12)
  3 fire elementals (D:12)
  4 wraiths
  3 wyverns
  14 yaks
  Eustachio (D:6)
  A basilisk (D:9)
  A hungry ghost (D:15)
  Grum (D:9)
  A warg (D:13)
  5 hell hounds (D:12)
  Edmund (D:4)
  9 orc warriors
  3 porcupines (D:9)
  3 sky beasts
  2 slaves (D:9)
  3 ice beasts
  4 phantoms
  5 ogres
  2 eyes of draining
  4 necrophages
  4 wolves (D:9)
  2 crocodiles (D:9)
  12 centaurs
  3 big kobolds
  2 bullfrogs
  2 scorpions
  50 killer bees
  2 howler monkeys
  6 crimson imps
  4 bullfrog zombies
  3 quasits
  10 hounds
  9 orc priests
  2 bullfrog skeletons
  A jelly (D:13)
  2 centaur skeletons
  5 iguanas
  10 orc wizards
  10 worker ants
  A hound zombie (D:9)
  A hound skeleton (D:4)
  A worker ant zombie (D:6)
  Robin (D:4)
  13 adders
  A shadow imp (D:14)
  5 white imps (IceCv)
  6 ufetubi (IceCv)
  3 oozes
  An adder zombie (D:9)
  A worm (D:9)
  2 dart slugs
  4 leopard geckos
  55 orcs
  7 bats
  4 giant cockroaches
  5 hobgoblins
  12 jackals
  A quokka (D:11)
  7 frilled lizards
  14 goblins
  2 jackal skeletons
  23 kobolds
  9 rats
463 creatures vanquished.

Vanquished Creatures (others)
  A slave (D:9)
  A human (D:6)
  2 white imps (IceCv)
  7 ufetubi (IceCv)
  4 fungi (D:9)
  A plant (D:9)
  4 toadstools (D:9)
20 creatures vanquished.

Grand Total: 483 creatures vanquished

Notes
Turn   | Place    | Note
-------+----------+-------------------------------------------
     0 | D:1      | Amplified the Troll Monk began the quest for the Orb.
     0 | D:1      | Reached XP level 1. HP: 22/22 MP: 0/0
   433 | D:1      | Reached XP level 2. HP: 29/29 MP: 1/1
  1190 | D:2      | Reached XP level 3. HP: 36/36 MP: 2/2
  1369 | D:2      | Found a shattered altar of Ashenzari.
  1426 | D:2      | Became a worshipper of Ashenzari the Shackled
  1426 | D:2      | Reached * piety under Ashenzari
  1426 | D:2      | Reached ** piety under Ashenzari
  1722 | D:3      | Reached skill level 4 in Unarmed Combat
  1733 | D:3      | Reached XP level 4. HP: 44/44 MP: 3/3
  1965 | D:3      | Noticed Grinder
  1965 | D:3      | Paralysed by Grinder for 4 turns
  1981 | D:3      | Paralysed by Grinder for 4 turns
  1992 | D:3      | Killed Grinder
  1992 | D:3      | Reached skill level 5 in Unarmed Combat
  1992 | D:3      | Reached XP level 5. HP: 53/53 MP: 4/4
  1992 | D:3      | Reached XP level 6. HP: 61/61 MP: 5/5
  2881 | D:4      | Noticed Edmund
  2901 | D:4      | Killed Edmund
  2901 | D:4      | Reached skill level 1 in Shields
  2901 | D:4      | Reached skill level 6 in Unarmed Combat
  2901 | D:4      | Reached XP level 7. HP: 57/68 MP: 6/6
  3230 | D:4      | Noticed Robin
  3238 | D:4      | Killed Robin
  3333 | D:5      | Entered Level 5 of the Dungeon
  3352 | D:5      | Noticed Sigmund
  3378 | D:5      | Killed Sigmund
  3445 | D:5      | Found a staircase to the Ecumenical Temple.
  3471 | D:5      | Reached skill level 7 in Unarmed Combat
  3666 | D:5      | Found Kinoorat's Food Shop.
  3716 | D:5      | Found a blossoming altar of Fedhas.
  3737 | D:5      | Reached XP level 8. HP: 72/79 MP: 7/7
  4194 | D:6      | Noticed Eustachio
  4203 | D:6      | Killed Eustachio
  4246 | D:6      | Reached *** piety under Ashenzari
  4264 | D:6      | Reached skill level 8 in Unarmed Combat
  4278 | D:6      | Reached skill level 5 in Fighting
  4546 | D:6      | Found an ancient bone altar of Kikubaaqudgha.
  5142 | D:7      | Found a white marble altar of Elyvilon.
  5182 | D:7      | Found an ancient bone altar of Kikubaaqudgha.
  5240 | D:7      | Reached XP level 9. HP: 81/87 MP: 8/8
  5311 | D:7      | Reached skill level 9 in Unarmed Combat
  5510 | D:7      | Identified Xeklenn's Tome of Confrontation
  5647 | D:8      | Noticed Maurice
  5668 | D:8      | Killed Maurice
  5694 | D:8      | Reached **** piety under Ashenzari
  5889 | D:8      | Noticed Harold
  5906 | D:8      | Killed Harold
  5906 | D:8      | Reached skill level 10 in Unarmed Combat
  5956 | D:8      | Found a shadowy altar of Dithmenos.
  6127 | D:8      | Found Lais Pymi's Assorted Antiques.
  6134 | D:8      | Bought a scroll labeled QUOMMI UBULL for 32 gold pieces
  6135 | D:8      | Bought an embroidered cloak for 240 gold pieces
  6135 | D:8      | Bought a glowing robe for 118 gold pieces
  6364 | D:9      | Found a staircase to the Lair.
  6367 | D:9      | Reached skill level 5 in Shields
  6406 | D:9      | Reached XP level 10. HP: 83/99 MP: 9/9
  6445 | D:9      | Reached skill level 11 in Unarmed Combat
  6482 | D:9      | Noticed Grum
  6502 | D:9      | Killed Grum
  7011 | D:9      | Noticed Prince Ribbit
  7014 | D:9      | Noticed Pikel
  7018 | D:9      | Reached skill level 12 in Unarmed Combat
  7026 | D:9      | Killed Prince Ribbit
  7035 | D:9      | Killed Pikel
  7063 | D:9      | Reached XP level 11. HP: 89/108 MP: 10/10
  7295 | D:9      | Found a snail-covered altar of Cheibriados.
  7319 | D:9      | Found a bloodstained altar of Trog.
  7329 | D:9      | Found a glowing golden altar of the Shining One.
  7418 | D:10     | Entered Level 10 of the Dungeon
  7475 | D:10     | Noticed a two-headed ogre
  7488 | D:10     | Killed a two-headed ogre
  7539 | D:10     | Reached ***** piety under Ashenzari
  7972 | D:10     | Found a staircase to the Orcish Mines.
  8072 | D:11     | Noticed an unseen horror
  8078 | D:11     | Killed an unseen horror
  8183 | D:11     | Identified a scroll of acquirement
  8260 | D:11     | Noticed a brown ugly thing
  8262 | D:11     | Noticed Snorg
  8264 | D:11     | Reached skill level 1 in Evocations
  8282 | D:11     | Killed a brown ugly thing
  8286 | D:11     | Killed Snorg
  8286 | D:11     | Reached skill level 13 in Unarmed Combat
  8320 | D:11     | Noticed a green ugly thing
  8341 | D:11     | Killed a green ugly thing
  8470 | D:11     | Noticed Erolcha
  8479 | D:11     | Killed Erolcha
  8981 | D:12     | Noticed a centaur warrior
  8990 | D:12     | Killed a centaur warrior
  9023 | D:12     | Reached XP level 12. HP: 115/120 MP: 13/13
  9144 | D:12     | Noticed Azrael
  9156 | D:12     | Reached skill level 14 in Unarmed Combat
  9337 | D:12     | Noticed Gastronok
  9349 | D:12     | Killed Gastronok
  9394 | D:12     | Killed Azrael
  9595 | D:12     | Found a deep blue altar of Sif Muna.
  9875 | D:13     | Reached skill level 15 in Unarmed Combat
  9984 | D:13     | Reached skill level 5 in Evocations
 10145 | D:13     | Found a gate to the Vaults.
 10146 | D:13     | Identified the +5 chain mail "Zuocla" {Str+9}
 10150 | D:13     | Reached XP level 13. HP: 92/133 MP: 15/15
 10451 | D:14     | Reached skill level 1 in Armour
 10555 | D:14     | Reached skill level 10 in Fighting
 10818 | D:15     | Entered Level 15 of the Dungeon
 11027 | D:15     | Reached skill level 16 in Unarmed Combat
 12210 | D:14     | Found Sokuas's Food Shop.
 12676 | Orc:1    | Entered Level 1 of the Orcish Mines
 12772 | Orc:1    | Reached ****** piety under Ashenzari
 13006 | Orc:2    | Entered Level 2 of the Orcish Mines
 13017 | Orc:2    | Found a frozen archway.
 13025 | IceCv    | Entered an ice cave
 13835 | IceCv    | Gained mutation: Your mind is acute. (Int +2) [potion of
                  | mutation]
 13835 | IceCv    | Gained mutation: Your mind is very acute. (Int +4) [potion
                  | of mutation]
 13835 | IceCv    | Gained mutation: You have large cloven feet. [potion of
                  | mutation]
 13835 | IceCv    | Gained mutation: You are somewhat resistant to further
                  | mutation. [potion of mutation]
 13858 | IceCv    | Slain by an ice devil

Skill      XL: |  1  2  3  4  5  6  7  8  9 10 11 12 13 |
---------------+----------------------------------------+-----
Unarmed Combat | 4 5 6 7 8 10 12 13 15 16 | 16.6
Fighting       | 3 4 5 6 7 8 9 10 | 10.7
Dodging        | 3 |  3.6
Shields        | 1 2 3 5 6 |  6.7
Evocations     | 3 5 |  5.0
Armour         | 4 |  4.4
Stealth        | |  1.0

Action                   |  1- 3 |  4- 6 |  7- 9 | 10-12 | 13-15 || total
-------------------------+-------+-------+-------+-------+-------++-------
Melee: Unarmed           |    77 |   109 |   296 |   737 |   358 ||  1577
       Punch             |       |     1 |       |       |       ||     1
       Kick              |       |       |       |       |    10 ||    10
Invok: Curse Item        |     2 |     1 |     3 |     1 |       ||     7
 Abil: Evoke Invisibilit |       |       |       |     1 |       ||     1
Evoke: Wand              |       |       |     1 |     3 |    14 ||    18
  Use: Scroll            |     3 |       |    11 |    13 |     6 ||    33
       Potion            |       |     1 |     4 |     5 |     9 ||    19
 Stab: Sleeping          |     4 |     2 |     5 |     9 |     1 ||    21
       Invisible         |       |       |     1 |     3 |       ||     4
       Distracted        |       |       |       |       |     1 ||     1
  Eat: Chunk             |    11 |    14 |    21 |    43 |    26 ||   115
       Ration            |     1 |     1 |     1 |       |       ||     3
Armor: Robe              |    34 |    36 |   105 |   210 |   111 ||   496
       Skin              |       |     6 |       |       |       ||     6
Dodge: Dodged            |    39 |    33 |   109 |   276 |   158 ||   615
Block: Shield            |       |    10 |   133 |   432 |   232 ||   807
